 Dungeon Crawl Stone Soup version 0.28-a0-1167-g616b1c6417 (webtiles) character file.

Game seed: 3193309028790094453

74 ChaosChampion the Magician (level 4, -1/24 HPs)
             Began as a Deep Elf Conjurer on Dec 16, 2021.
             Slain by a hobgoblin (3 damage)
             ... led by Robin
             ... on level 1 of the Dungeon.
             The game lasted 00:01:10 (1375 turns).

ChaosChampion the Magician (Deep Elf Conjurer)      Turns: 1375, Time: 00:01:10

Health: -1/24      AC:  2    Str:  4    XL:     4   Next: 10%
Magic:  4/13       EV: 12    Int: 25    God:
Gold:   21         SH:  0    Dex: 13    Spells: 10/13 levels left

rFire   . . .      SeeInvis .   (no weapon)
rCold   . . .      Faith    .   (no shield)
rNeg    . . .      Spirit   .   a - +0 robe
rPois   .          Reflect  .   (no helmet)
rElec   .          Harm     .   (no cloak)
rCorr   .          Rampage  .   (no gloves)
Will    .....                   (no boots)
Stlth   ++........              (no amulet)
HPRegen 0.08/turn               (no ring)
MPRegen 0.13/turn               (no ring)

@: attractive
A: no striking features
a: no special abilities


You were on level 1 of the Dungeon.
You visited 1 branch of the dungeon, and saw 2 of its levels.

You collected 21 gold pieces.

Inventory:

Armour
 a - a +0 robe (worn)
Jewellery
 b - an amulet of the acrobat
Scrolls
 d - a scroll of amnesia {unknown}
Potions
 e - a potion of haste {unknown}


   Skills:
 - Level 2.4 Dodging
 - Level 2.4 Stealth
 * Level 5.2 Spellcasting
 + Level 5.0 Conjurations


You had 10 spell levels left.
You knew the following spells:

 Your Spells              Type           Power      Damage    Failure   Level
a - Magic Dart            Conj           100%       1d8       1%          1
b - Searing Ray           Conj           62%        2d6       1%          2

Your spell library contained the following spells:

 Spells                   Type           Power      Damage    Failure   Level
 Dazzling Flash           Conj/Hex       38%        N/A       9%          3
 Fulminant Prism          Conj/Hex       9%         3d7       28%         4
 Iskenderun's Mystic Bla  Conj/Tloc      19%        2d6       28%         4


Dungeon Overview and Level Annotations

Branches:
Dungeon (2/15)

Altars:

Annotations:
D:2 Robin


Message History

You kill the goblin! (Press . to maintain the ray.)
The goblin hits you with a +0 club. x2
* * * LOW HITPOINT WARNING * * *
Casting: Searing Ray (safe; 1% risk of failure)
Confirm with . or Enter, or press ? or * to list all spells.
Restarting spell: Searing Ray (safe; 1% risk of failure)
Press: ? - help, Shift-Dir - straight line, f - goblin
Aim: a goblin, wielding a +0 club (strong, 74% to hit)
The searing ray misses the goblin. (Press . to maintain the ray.)
The goblin hits you with a +0 club.
* * * LOW HITPOINT WARNING * * *
The goblin hits you with a +0 club.
* * * LOW HITPOINT WARNING * * *
Okay, then.
It was a potion of attraction.
You feel attractive to monsters. The hobgoblin completely misses you.
The goblin hits you with a +0 club.
* * * LOW HITPOINT WARNING * * *
The goblin misses you.
Casting: Searing Ray (safe; 1% risk of failure)
Confirm with . or Enter, or press ? or * to list all spells.
Aiming: Searing Ray (safe; 1% risk of failure)
Press: ? - help, Shift-Dir - straight line, f/p - goblin
Aim: a goblin, wielding a +0 club (strong, 74% to hit)
The searing ray hits the goblin.
The goblin is severely wounded. (Press . to maintain the ray.)
The hobgoblin barely misses you. The goblin closely misses you.
The goblin barely misses you.
Casting: Searing Ray (safe; 1% risk of failure)
Confirm with . or Enter, or press ? or * to list all spells.
Restarting spell: Searing Ray (safe; 1% risk of failure)
Press: ? - help, Shift-Dir - straight line, f/p - goblin
Aim: a goblin, wielding a +0 club (severely wounded, strong, 74% to hit)
The searing ray misses the goblin. (Press . to maintain the ray.)
The hobgoblin hits you.
You die...

#.......######....)...)....###..
#.....†...............####.# #.#
#.......#.##########..# #.# #.#
##..)..##.# #..# #.###.#
##...###.# #..####......
##.##...# #.......#.#.# #.##.###
#.#.###...#.# #.##.# ######.#.#
#..##.# #.##.##
#@g....#.###.#.#.#
#.#...######gg..###.##.###..#
#.#...#..........##...## ##..
#####>...............##..#.# #...
.............#.......############
###..........###....####...<...#.
#..........###.......#8.....8#.
#.#.#...###....########.....###
##.#.#...###.#### #..8.8..'.


You could see a hobgoblin (strong) and 2 goblins.

Vanquished Creatures
  3 gnolls (D:2)
  An adder (D:2)
  A dart slug (D:1)
  3 ball pythons (D:1)
  4 bats (D:1)
  3 endoplasms (D:1)
  A giant cockroach (D:1)
  6 goblins
  3 hobgoblins
  3 kobolds (D:1)
  2 quokkas
  2 rats (D:1)
  A spectral hobgoblin (D:1)
33 creatures vanquished.

Notes
Turn   | Place    | Note
-------+----------+-------------------------------------------
     0 | D:1      | ChaosChampion the Deep Elf Conjurer began the quest for the
                  | Orb.
     0 | D:1      | Reached XP level 1. HP: 10/10 MP: 6/6
   154 | D:1      | Reached XP level 2. HP: 15/15 MP: 4/8
   230 | D:1      | Learned a level 2 spell: Searing Ray
   682 | D:1      | Found a faded altar of an unknown god.
   900 | D:1      | Reached XP level 3. HP: 18/18 MP: 6/10
  1035 | D:1      | You fall into a shaft and drop 1 floor!
  1109 | D:2      | Reached skill level 5 in Spellcasting
  1113 | D:1      | Reached skill level 5 in Conjurations
  1204 | D:2      | Reached XP level 4. HP: 24/24 MP: 7/13
  1367 | D:2      | Noticed Robin
  1375 | D:1      | Slain by a hobgoblin

Illustrated notes

Levels and vault maps discovered:
D:1:      elethiomel_arrival_quiet, layout_loops_ring,
          dreamdust_ecumenical_altar_drowned_temple
D:2:      layout_loops_ring, serial_shops, nicolae_shop_hallway_plus,
          minmay_octomino_j4, uniq_robin

Skill      XL: |  1  2  3 |
---------------+----------+-----
Spellcasting   | 4 5 |  5.2
Conjurations   | 5 |  5.0
Dodging        | |  2.4
Stealth        | |  2.4

Action                   |  1- 3 |  4- 6 || total
-------------------------+-------+-------++-------
 Cast: Magic Dart        |    46 |       ||    46
       Searing Ray       |     7 |     5 ||    12
  Use: Potion            |       |     1 ||     1
Armor: Robe              |     1 |     1 ||     2
Dodge: Dodged            |     7 |    15 ||    22

Table legend: (Time is in decaauts)
 A = Elapsed time spent in this place.
 B = Non-inter-level travel time spent in this place.
 C = Inter-level travel time spent in this place.
 D = Time resting spent in this place.
 E = Time spent auto-exploring this place.
 F = Levels seen in this place.
 G = Mean time per level.
                   A        B        C        D        E       F      G
               +--------+--------+--------+--------+--------+-----+--------+
         Total |   1384 |   1343 |     41 |     85 |   1080 |   2 |  692.0 |
       Dungeon |   1384 |   1343 |     41 |     85 |   1080 |   2 |  692.0 |
               +--------+--------+--------+--------+--------+-----+--------+

Top non-repeatable levels by time:
     D:1: 1298 daAuts
     D:2: 85 daAuts
